 Dungeon Crawl Stone Soup version 0.28.0-47-ge53b351184 (webtiles) character file.

Game seed: 16278759822706447720

821 hawla the Firebug (level 7, -2/28 HPs)
             Began as a Felid Fire Elementalist on May 10, 2022.
             Shot with an arrow by a centaur (8 damage)
             ... on level 7 of the Dungeon.
             The game lasted 00:17:44 (6511 turns).

hawla the Firebug (Felid Fire Elementalist)         Turns: 6511, Time: 00:17:45

Health: -2/28      AC:  2    Str:  4    XL:     7   Next: 63%
Magic:  17/24      EV: 22    Int: 19    God:
Gold:   300        SH:  0    Dex: 16    Spells: 8/15 levels left
                                        Lives:  0   Deaths: 2

rFire   . . .      SeeInvis +   (weapon unavailable)
rCold   . . .      Faith    .   (shield unavailable)
rNeg    . . .      Spirit   .   (armour unavailable)
rPois   .          Reflect  .   (helmet unavailable)
rElec   .          Harm     .   (cloak unavailable)
rCorr   .          Rampage  .   (gloves unavailable)
Will    +....                   (boots unavailable)
Stlth   +++.......              (no amulet)
HPRegen 0.09/turn               g - +4 ring of evasion
MPRegen 0.19/turn               h - ring of magical power

@: about to teleport, quick
A: very small, claws 1, fangs 3, see invisible, speed 1, shaggy fur 2, stealthy
paws, no weapons or thrown items, no armour, multi-lived
a: no special abilities


You were on level 7 of the Dungeon.
You visited 1 branch of the dungeon, and saw 7 of its levels.
You also visited: Sewer and Ossuary.

You collected 300 gold pieces.

Inventory:

Jewellery
 g - a +4 ring of evasion (left paw)
 h - a ring of magical power (right paw)
Wands
 p - a wand of digging (4)
Scrolls
 l - 5 scrolls of identify
 r - 3 scrolls of fog {unknown}
 t - a scroll of vulnerability {unknown}
 u - a scroll of fear {unknown}
Potions
 a - a potion of haste
 b - a potion of berserk rage
 c - 2 potions of curing {unknown}
 d - 3 potions of brilliance
 e - 2 potions of might
 f - a potion of ambrosia
 i - 3 potions of flight {unknown}
 j - 2 potions of heal wounds {unknown}
 k - a potion of invisibility {unknown}
 m - a potion of lignification {unknown}
 n - a potion of degeneration {unknown}
 o - a potion of mutation {unknown}
 q - a potion of attraction {unknown}


   Skills:
 + Level 0.3 Fighting
 + Level 3.6 Dodging
 - Level 3.5 Stealth
 + Level 0.6 Unarmed Combat
 - Level 4.6 Spellcasting
 * Level 4.5 Conjurations
 * Level 6.4 Fire Magic


You had 8 spell levels left.
You knew the following spells:

 Your Spells              Type           Power      Damage    Failure   Level
a - Foxfire               Conj/Fire      100%       2x1d9     1%          1
b - Scorch                Fire           56%        2d7       1%          2
c - Flame Wave            Conj/Fire      25%        2d7       14%         4

Your spell library contained the following spells:

 Spells                   Type           Power      Damage    Failure   Level
 Conjure Flame            Conj/Fire      25%        6-21      4%          3
 Static Discharge         Conj/Air       12%        N/A       8%          2
 Inner Flame              Hex/Fire       16%        N/A       11%         3
 Sticky Flame             Conj/Fire      25%        2d5       14%         4
 Dispel Undead            Necr           4%         3d7       78%         4


Dungeon Overview and Level Annotations

Branches:
Dungeon (7/15)              Sewer (visited)         Ossuary (visited)
 Temple: D:4-7

Altars:
Cheibriados
Fedhas
Uskayaw
The Shining One
Beogh

Shops:
D:1 :   D:4 ?

Annotations:
D:3 3 runed translucent doors, GigaChad's ghost, amateur MiFi


Innate Abilities, Weirdness & Mutations

You have sharp claws.
You have razor-sharp teeth.
You have supernaturally acute eyesight. (SInv)
You cover ground quickly. (Speed+)
You are covered in thick fur. (AC +2)
Your paws help you pounce on unaware monsters.
You are incapable of wielding weapons or throwing items.
You cannot wear armour.
You gain extra lives every three experience levels.


Message History

Nothing appears to happen.
Casting: Foxfire (safe; 1% risk of failure)
Confirm with . or Enter, or press ? or * to list all spells.
You conjure some foxfire!
The foxfire hits the howler monkey.
The howler monkey is moderately wounded.
The howler monkey howls!
Casting: Foxfire (safe; 1% risk of failure)
Confirm with . or Enter, or press ? or * to list all spells.
There is not enough space to conjure foxfire!
Casting: Foxfire (safe; 1% risk of failure)
Confirm with . or Enter, or press ? or * to list all spells.
Flames lash the howler monkey.
The howler monkey is almost dead.
The howler monkey's fire resistance burns away.
The howler monkey completely misses you.
Your foxfire dissipates!
The howler monkey hoots and howls with incredible vigour!
You hear a shout!
You hear an angry hiss.
Casting: Scorch (safe; 1% risk of failure)
Confirm with . or Enter, or press ? or * to list all spells.
You conjure some foxfire!
The foxfire hits the howler monkey!
The howler monkey is burned terribly!
You kill the howler monkey!
You start resting.
Your magical contamination has completely faded away.
You start resting.
A centaur comes into view.
A centaur is nearby!
The centaur wields a +0 shortbow.
The centaur shoots an arrow.
The arrow hits you.
You hear an angry growl.
The centaur shoots an arrow.
The arrow hits you.
* * * LOW HITPOINT WARNING * * *
As you read the scroll of teleportation, it crumbles to dust.
You feel strangely unstable.
The centaur shoots an arrow.
The arrow hits you.
* * * LOW HITPOINT WARNING * * *
A black bear comes into view.
The centaur shoots an arrow.
The arrow hits you!
You die...

# .##
#########h..#
#.@...†<.c#
#.#######)#
#. # #. #. #.
.. #.


You could see a black bear and a centaur.

Vanquished Creatures
  Grinder (D:4)
  A wraith (Ossuary)
  2 necrophages
  An ogre (D:4)
  A sky beast (D:6)
  A howler monkey (D:7)
  A bullfrog zombie (D:5)
  A jelly (D:4)
  A centaur skeleton (D:4)
  A gnoll shaman (D:4)
  2 iguanas (D:4)
  A hound skeleton (D:4)
  A mummy (Ossuary)
  Robin (D:4)
  9 adders
  4 gnolls (D:4)
  2 adder skeletons (D:4)
  2 worms (D:4)
  2 dart slugs (D:4)
  5 orcs
  3 endoplasms
  6 giant cockroaches
  18 goblins
  2 hobgoblins
  A jackal (D:3)
  4 kobolds
  3 quokkas
  11 ball pythons
  2 bats
  8 frilled lizards
  9 gnoll skeletons (Ossuary)
  4 kobold skeletons (Ossuary)
  12 orc skeletons (Ossuary)
  A quokka skeleton (D:4)
  6 rats
130 creatures vanquished.

Vanquished Creatures (others)
  334 foxfires
  A plant (D:6)
335 creatures vanquished.

Grand Total: 465 creatures vanquished

Notes
Turn   | Place    | Note
-------+----------+-------------------------------------------
     0 | D:1      | hawla the Felid Fire Elementalist began the quest for the
                  | Orb.
     0 | D:1      | Reached XP level 1. HP: 7/7 MP: 4/4
   532 | D:1      | Found Dasoebi's Book Shoppe.
   561 | D:1      | Reached skill level 3 in Fire Magic
   733 | D:1      | Reached XP level 2. HP: 11/11 MP: 4/6
   736 | D:1      | Learned a level 2 spell: Scorch
  1306 | D:2      | Found a faded altar of an unknown god.
  1954 | D:2      | Reached XP level 3. HP: 14/14 MP: 2/7
  2243 | D:2      | Found a blossoming altar of Fedhas.
  2711 | D:3      | Reached skill level 1 in Conjurations
  3186 | D:3      | Found a runed translucent gate.
  3187 | D:3      | Found a runed translucent gate.
  3188 | D:3      | Found a runed translucent gate.
  3189 | D:3      | Identified the +7 chain mail of the Untouchables {Will-
                  | Str+7}
  3190 | D:3      | Noticed GigaChad's ghost (amateur MiFi)
  3385 | D:3      | Reached XP level 4. HP: 18/18 MP: 4/9
  3385 | D:3      | Found a glowing golden altar of the Shining One.
  3519 | D:3      | Found a snail-covered altar of Cheibriados.
  3834 | D:4      | Noticed Robin
  3847 | D:4      | Hit by a goblin thrown by Robin
  3848 | D:4      | Reached XP level 3. HP: -1/14 MP: 6/18
  3929 | D:4      | Noticed Grinder
  3935 | D:4      | Found Veniklal's Magic Scroll Emporium.
  3975 | D:4      | Reached XP level 4. HP: 18/18 MP: 10/10
  3996 | D:4      | Found a glowing drain.
  4164 | Sewer    | Entered a sewer
  4549 | Sewer    | Reached XP level 5. HP: 20/21 MP: 11/11
  4684 | D:4      | Found a hide-covered altar of Uskayaw.
  4734 | D:4      | Killed Grinder
  4735 | D:4      | Reached skill level 4 in Fire Magic
  4735 | D:4      | Gained mutation: You are covered in thick fur. (AC +2)
                  | [Felid growth]
  4735 | D:4      | Reached XP level 6. HP: 24/24 MP: 13/13
  4749 | D:4      | Killed Robin
  4872 | D:4      | Learned a level 4 spell: Flame Wave
  5214 | D:4      | Reached XP level 7. HP: 27/27 MP: 15/15
  5267 | D:4      | Reached skill level 5 in Fire Magic
  5789 | D:5      | Entered Level 5 of the Dungeon
  5793 | D:5      | Found a sand-covered staircase.
  5802 | Ossuary  | Entered an ossuary
  5802 | Ossuary  | Noticed a wraith
  5802 | Ossuary  | Noticed a wraith
  5802 | Ossuary  | Noticed a wraith
  6019 | Ossuary  | Noticed a wraith
  6276 | Ossuary  | Mangled by a wraith
  6277 | Ossuary  | Reached XP level 6. HP: -6/24 MP: 17/23
  6289 | Ossuary  | Killed a wraith
  6352 | D:5      | Reached XP level 7. HP: 27/27 MP: 15/15
  6371 | D:5      | Reached skill level 6 in Fire Magic
  6422 | D:5      | Noticed a steam dragon
  6511 | D:7      | Shot with an arrow by a centaur

Illustrated notes

Levels and vault maps discovered:
D:1:      dpeg_arrival_connections, layout_loops_corners, serial_shops,
          nicolae_shop_crystal, minmay_misc_feat_columns,
          minmay_misc_feat_hallway
D:2:      layout_basic, basic_altar, shapermc_ecumenical_altar_venn,
          serial_park_tiny_2, minmay_quadrilaterals
D:3:      layout_loops_ring, mainiacjoe_overflow_two_lobes,
          biasface_ghost_orc_armoury, minmay_fractal_squares_gapless_5
D:4:      layout_basic, nicolae_uskayaw_murder_on_the_dancefloor, serial_shops,
          nicolae_square_shop, gup_sewer_entry_bubbles,
          chequers_serial_rivers_micro_c, chequers_serial_rivers_large_a,
          uniq_grinder, uniq_robin
D:5:      layout_basic, mainiacjoe_overflow_paths, mainiacjoe_overflow_catwalk,
          lemuel_temple_firewalk_a, nicolae_ossuary_entry_ruins, serial_shops,
          nicolae_square_shop
D:6:      layout_basic, mainiacjoe_overflow_cross_hatched, chequers_big_river,
          lemuel_flamethrower_1, uniq_edmund
D:7:      layout_loops_ring, minmay_door_square

Skill      XL: |  1  2  3  4  5  6  7 |
---------------+----------------------+-----
Fire Magic     | 3 4 6 |  6.4
Stealth        | 3 |  3.5
Spellcasting   | 3 4 |  4.6
Conjurations   | 1 2 3 4 |  4.5
Dodging        | 3 |  3.6
Fighting       | |  0.3
Unarmed Combat | |  0.6

Action                   |  1- 3 |  4- 6 |  7- 9 || total
-------------------------+-------+-------+-------++-------
Melee: Unarmed           |     3 |       |     8 ||    11
       Bite              |       |       |     2 ||     2
 Cast: Foxfire           |    57 |    72 |    67 ||   196
       Scorch            |    16 |    24 |    11 ||    51
  Use: Scroll            |    10 |       |     3 ||    13
 Stab: Distracted        |     1 |       |       ||     1
       Sleeping          |     1 |       |       ||     1
Armor: Skin              |       |     1 |     3 ||     4
Dodge: Dodged            |    15 |    31 |    36 ||    82
